 Dungeon Crawl Stone Soup version 0.28.0 (webtiles) character file.

Game seed: 17177876568383549645

1098 AmazingTV the Skirmisher (level 8, -2/71 HPs)
             Began as a Minotaur Fighter on July 1, 2022.
             Was an Initiate of Okawaru.
             Slain by a vampire mosquito (6 damage)
             ... on level 5 of the Dungeon.
             The game lasted 00:12:40 (4881 turns).

AmazingTV the Skirmisher (Minotaur Fighter)         Turns: 4881, Time: 00:12:41

Health: -2/71      AC:  7    Str: 23    XL:     8   Next: 10%
Magic:  2/2        EV: 10    Int:  5    God:    Okawaru [......]
Gold:   252        SH:  6    Dex: 16    Spells: 7/7 levels left

rFire   . . .      SeeInvis .   w - +0 whip (antimagic) {mace}
rCold   . . .      Faith    .   c - +0 buckler
rNeg    . . .      Spirit   .   y - +0 troll leather armour {Pargi}
rPois   .          Reflect  .   (helmet restricted)
rElec   .          Harm     .   s - +0 cloak
rCorr   .          Rampage  .   (no gloves)
Will    +....                   F - +0 pair of boots
Stlth   +.........              (no amulet)
HPRegen 1.01/turn               B - +6 ring of dexterity
MPRegen 0.08/turn               G - ring of willpower

@: mighty
A: horns 2, retaliatory headbutt
a: Renounce Religion


You were on level 5 of the Dungeon.
You worshipped Okawaru.
Okawaru was noncommittal.
You visited 2 branches of the dungeon, and saw 7 of its levels.

You collected 252 gold pieces.


Innate Abilities, Weirdness & Mutations

You have a pair of horns on your head.
You reflexively headbutt those who attack you in melee.


   Skills:
 + Level 6.5 Fighting
 + Level 5.8 Maces & Flails
 + Level 3.1 Slings
 + Level 6.5 Armour
 + Level 6.4 Shields


You had 7 spell levels left.
You didn't know any spells.
Your spell library contained the following spells:

 Spells                   Type           Power      Damage    Failure   Level
 Static Discharge         Conj/Air       0%         N/A       75%         2
 Lightning Bolt           Conj/Air       0%         1d11      100%        5
 Maxwell's Capacitive Co  Air            0%         ∞         100%        8

Inventory:

Hand Weapons
 a - a +1 morningstar of draining {mace}
   (You took it off an orc on level 4 of the Dungeon)
 b - a +2 vorpal hunting sling {sling}
   (You found it on level 4 of the Dungeon)
 q - a +0 short sword of electrocution {short}
   (You took it off a kobold on level 2 of the Dungeon)
 v - a +1 vampiric dagger {short}
   (You took it off a kobold on level 4 of the Dungeon)
 w - a +0 antimagic whip (weapon) {mace}
   (You took it off an orc on level 4 of the Dungeon)
 A - a +0 flail {mace}
Missiles
 h - 67 sling bullets
 i - 8 poisoned darts (quivered)
 o - 121 stones
 r - 41 arrows
Armour
 c - a +0 buckler (worn)
 s - a +0 cloak (worn)
   (You found it on level 3 of the Dungeon)
 x - a +0 scale mail
 y - a +0 troll leather armour (worn) {Pargi}
   (You found it on level 4 of the Dungeon)
 F - a +0 pair of boots (worn)
   (You found it on level 5 of the Dungeon)
Jewellery
 B - a +6 ring of dexterity (left hand)
   (You found it on level 5 of the Dungeon)
 G - a ring of willpower (right hand)
   (You found it on level 5 of the Dungeon)
Scrolls
 f - 4 scrolls of teleportation {unknown}
 l - a scroll of enchant armour {unknown}
 n - a scroll of vulnerability {unknown}
 p - 2 scrolls of identify {unknown}
 t - a scroll of enchant weapon {unknown}
 z - a scroll of immolation {unknown}
 C - a scroll of acquirement {unknown}
 D - a scroll of noise {unknown}
Potions
 e - a potion of ambrosia {unknown}
 g - a potion of invisibility {unknown}
 j - 2 potions of resistance {unknown}
 k - a potion of haste {unknown}
 m - a potion of brilliance {unknown}
 u - a potion of lignification {unknown}
 E - a potion of curing {unknown}

Dungeon Overview and Level Annotations

Branches:
Dungeon (6/15)             Temple (1/1) D:5

Altars:
Ashenzari
Cheibriados
Elyvilon
Gozag
Makhleb
Okawaru
Qazlal
Ru
Trog
Uskayaw
Wu Jian
Yredelemnul
Zin
The Shining One

Annotations:
D:4 2 transporters, Jonnyslop's ghost, amateur OpVM

....#..#......##...##..<.....#
#......#......##....##.......#
#......+......#..>.###.......#
#......#.....#.....###.......#
....#..#.......##...#........#
...###.+......####...........#
....#..#.....####....#.......#
#......#.....#...y>..#.......#
.......###..#...@............#
................##############
................#
............)...#
................#
................#
...)............###
..#######'#######.#######
..#..........#..........#


You could see a vampire mosquito.


Message History

w - a +0 antimagic whip (weapon)
{mace} The vampire mosquito misses you. 😮 MP[-5]
You hit the vampire mosquito but do no damage.
The vampire mosquito bites you!
* * * LOW HITPOINT WARNING * * *
The vampire mosquito draws strength from your injuries! 😨 HP[-8]
You take 8 damage, and now have 33/71 hp.
You closely miss the vampire mosquito.
The vampire mosquito completely misses you.
You furiously retaliate!
You headbutt the vampire mosquito.
You block the vampire mosquito's attack. 😨 HP[+1]
You miss the vampire mosquito. You headbutt the vampire mosquito.
The vampire mosquito closely misses you.
You hit the vampire mosquito. The vampire mosquito bites you!
* * * LOW HITPOINT WARNING * * *
The vampire mosquito draws strength from your injuries!
You block the vampire mosquito's attack. 😨 HP[-6]
You take 6 damage, and now have 28/71 hp.
You miss the vampire mosquito.
You headbutt the vampire mosquito, but do no damage.
The vampire mosquito bites you!
* * * LOW HITPOINT WARNING * * *
The vampire mosquito draws strength from your injuries! 😨 HP[-6]
You take 6 damage, and now have 22/71 hp.
You barely miss the vampire mosquito.
You block the vampire mosquito's attack. x2 😨 HP[+1]
You hit the vampire mosquito but do no damage.
You block the vampire mosquito's attack. 😨 HP[+1]
You barely miss the vampire mosquito.
You block the vampire mosquito's attack.
The vampire mosquito closely misses you. 😨 HP[+1]
You hit the vampire mosquito. The vampire mosquito bites you.
* * * LOW HITPOINT WARNING * * *
The vampire mosquito draws strength from your injuries!
The vampire mosquito closely misses you. 😨 HP[-3]
You take 3 damage, and now have 22/71 hp.
Okay, then.
You hit the vampire mosquito. You headbutt the vampire mosquito.
You block the vampire mosquito's attack.
You hit the vampire mosquito.
You block the vampire mosquito's attack. x2 😨 HP[+1]
You closely miss the vampire mosquito. The vampire mosquito bites you!
* * * LOW HITPOINT WARNING * * *
The vampire mosquito draws strength from your injuries! 😱 HP[-6]
You take 6 damage, and now have 17/71 hp.
You hit the vampire mosquito. The vampire mosquito barely misses you.
You block the vampire mosquito's attack. 😨 HP[+1]
You miss the vampire mosquito.
The vampire mosquito bites you but does no damage.
You block the vampire mosquito's attack. 😨 HP[+1]
You closely miss the vampire mosquito. The vampire mosquito bites you.
* * * LOW HITPOINT WARNING * * *
The vampire mosquito draws strength from your injuries!
You block the vampire mosquito's attack. 😱 HP[-3]
You take 3 damage, and now have 16/71 hp.
You hit the vampire mosquito.
Your headbutt misses the vampire mosquito.
You block the vampire mosquito's attack. 😱 HP[+1]
You hit the vampire mosquito.
You block the vampire mosquito's attack.
The vampire mosquito closely misses you.
You furiously retaliate!
You headbutt the vampire mosquito, but do no damage.
You barely miss the vampire mosquito.
The vampire mosquito misses you. 😨 HP[+1]
You closely miss the vampire mosquito. You headbutt the vampire mosquito.
The vampire mosquito barely misses you. The vampire mosquito bites you!
* * * LOW HITPOINT WARNING * * *
The vampire mosquito draws strength from your injuries! 😱 HP[-8]
You take 8 damage, and now have 10/71 hp.
The vampire mosquito bites you.
* * * LOW HITPOINT WARNING * * *
The vampire mosquito draws strength from your injuries! 😱 HP[-1]
You take 1 damage, and now have 9/71 hp.
The vampire mosquito bites you!
* * * LOW HITPOINT WARNING * * *
The vampire mosquito draws strength from your injuries!
The vampire mosquito closely misses you. 😱 HP[-6]
You take 6 damage, and now have 3/71 hp.
You feel very mighty all of a sudden. The vampire mosquito bites you.
You die...

Skill      XL: |  1  2  3  4  5  6  7  8 |
---------------+-------------------------+-----
Armour         | 4 5 6 |  6.5
Shields        | 4 5 6 |  6.4
Fighting       | 4 5 6 |  6.5
Maces & Flails | 3 4 5 |  5.8
Slings         | 1 2 3 |  3.1

Action                   |  1- 3 |  4- 6 |  7- 9 || total
-------------------------+-------+-------+-------++-------
Melee: Flail             |    83 |   145 |       ||   228
       Headbutt          |    15 |    22 |    12 ||    49
       Morningstar       |       |       |    38 ||    38
       Whip              |       |       |    19 ||    19
Throw: Dart              |       |     3 |     4 ||     7
  Use: Potion            |       |     1 |     1 ||     2
Armor: Scale mail        |    46 |    68 |       ||   114
       Troll leather arm |       |     8 |    15 ||    23
Dodge: Dodged            |    34 |    67 |    28 ||   129
Block: Buckler           |    22 |    44 |    26 ||    92

Levels and vault maps discovered:
D:1:      minmay_arrival_semitransparent, layout_rooms,
          hellmonk_ecumenical_altar_dog_temple
D:2:      layout_loops_corners, kennysheep_cross_room,
          hangedman_decor_slide_cut, uniq_robin
D:3:      layout_loops_corners, cheibrodos_ashenzari_chains,
          mainiacjoe_overflow_six_doors_small, serial_bayou,
          serial_bayou_pond_b, serial_bayou_pond_b, serial_bayou_pond_a,
          serial_bayou_crossing
D:4:      layout_basic, gammafunk_ghost_arena, uniq_pargi
D:5:      layout_gridville, minmay_temple_entry_wispy, serial_glass,
          glass_columns_b, glass_columns_a, due_unseen_surprise,
          minmay_strange_pillars, uniq_prince_ribbit1
D:6:      layout_rooms, minmay_statues_item, roderic_lattice_a, kb_rosetta,
          uniq_eustachio
Temple:   minmay_temple_bridge_abc

Notes
Turn   | Place    | Note
-------+----------+-------------------------------------------
     0 | D:1      | AmazingTV the Minotaur Fighter began the quest for the Orb.
     0 | D:1      | Reached XP level 1. HP: 19/19 MP: 0/0
     0 | D:1      | magus.rc [v1.9.6]
   283 | D:1      | Found a faded altar of an unknown god.
   290 | D:1      | Reached XP level 2. HP: 25/27 MP: 1/1
   572 | D:2      | Reached skill level 4 in Armour
   572 | D:2      | Reached skill level 4 in Shields
   648 | D:2      | Reached skill level 4 in Fighting
   772 | D:2      | Reached skill level 3 in Maces & Flails
   918 | D:2      | Reached XP level 3. HP: 33/33 MP: 2/2
   944 | D:2      | Noticed Robin
   956 | D:2      | Killed Robin
  1524 | D:3      | Reached XP level 4. HP: 28/40 MP: 3/3
  1777 | D:2      | HP: 8/41 [poisoned by a kobold]
  2431 | D:3      | Found a broken altar of Ashenzari.
  2598 | D:3      | Reached XP level 5. HP: 43/47 MP: 4/4
  2682 | D:3      | Found a glowing silver altar of Zin.
  2876 | D:4      | You pick up a book of Lightning and begin reading...
  2876 | D:4      | You add the spells Static Discharge, Lightning Bolt and
                  | Maxwell's Capacitive Coupling to your library.
  2911 | D:4      | Noticed an orc warrior
  2917 | D:4      | Noticed Jonnyslop's ghost (amateur OpVM)
  2948 | D:4      | Found a transporter.
  3007 | D:4      | Reached skill level 4 in Maces & Flails
  3166 | D:4      | Reached skill level 5 in Shields
  3225 | D:4      | Found a transporter.
  3248 | D:4      | Reached skill level 5 in Fighting
  3250 | D:4      | Reached skill level 5 in Armour
  3318 | D:4      | Noticed a necrophage
  3332 | D:4      | Killed a necrophage
  3333 | D:4      | Reached XP level 6. HP: 53/56 MP: 5/5
  3359 | D:4      | Noticed Pargi
  3369 | D:4      | Killed Pargi
  3886 | D:5      | Entered Level 5 of the Dungeon
  3895 | D:5      | Reached skill level 1 in Slings
  3941 | D:5      | Noticed a sky beast
  3981 | D:4      | HP: 12/54 [sky beast (5)]
  3985 | D:4      | HP: 3/54 [sky beast (5)]
  3987 | D:4      | Killed a sky beast
  3988 | D:4      | Reached XP level 7. HP: 7/62 MP: 6/6
  4072 | D:5      | Reached skill level 5 in Maces & Flails
  4128 | D:5      | Reached skill level 2 in Slings
  4152 | D:5      | Reached skill level 6 in Fighting
  4152 | D:5      | Reached skill level 6 in Shields
  4170 | D:5      | Noticed Prince Ribbit
  4217 | D:5      | Reached skill level 6 in Armour
  4229 | D:5      | Killed Prince Ribbit
  4230 | D:5      | Reached XP level 8. HP: 71/71 MP: 7/7
  4406 | D:5      | Found a staircase to the Ecumenical Temple.
  4411 | Temple   | Entered the Ecumenical Temple
  4597 | Temple   | Became a worshipper of Warmaster Okawaru
  4644 | D:5      | Reached skill level 3 in Slings
  4871 | D:5      | HP: 17/71 [vampire mosquito (7)]
  4878 | D:5      | HP: 10/71 [vampire mosquito (9)]
  4880 | D:5      | HP: 3/71 [vampire mosquito (7)]
  4881 | D:5      | Slain by a vampire mosquito

Vanquished Creatures
  Prince Ribbit (D:5)
  Pargi (D:4)
  A sky beast (D:4)
  3 necrophages
  An ogre (D:5)
  A water moccasin skeleton (D:5)
  A hound (D:4)
  A centaur skeleton (D:4)
  An iguana (D:5)
  A hound skeleton (D:4)
  Robin (D:2)
  9 gnolls
  3 adders
  2 ufetubi (D:4)
  2 worms
  7 orcs
  8 bats
  5 endoplasms
  2 giant cockroaches (D:3)
  15 goblins
  9 hobgoblins
  4 jackals (D:1)
  4 quokkas
  8 ball pythons
  3 frilled lizards
  8 kobolds
  8 rats
110 creatures vanquished.

Vanquished Creatures (others)
  4 plants (D:3)
4 creatures vanquished.

Grand Total: 114 creatures vanquished

Table legend:
 A = Non-vault XP
 B = Vault XP
 C = Vault XP percentage of total XP
 D = Non-vault monster count
 E = Vault monster count
 F = Vault count percentage of total count
                 A         B        C        D         E       F
            +---------+---------+-------+---------+---------+-------
      Total |    1101 |     468 |  29.8 |      86 |      24 |  21.8
            +---------+---------+-------+---------+---------+-------
        D:1 |      17 |       8 |  32.0 |      11 |       4 |  26.7
        D:2 |      24 |      29 |  54.7 |      14 |       8 |  36.4
        D:3 |      96 |      31 |  24.4 |      27 |      10 |  27.0
        D:4 |     409 |     132 |  24.4 |      18 |       1 |   5.3
        D:5 |     554 |     268 |  32.6 |      15 |       1 |   6.2
        D:6 |       1 |       0 |   0.0 |       1 |       0 |   0.0
            +---------+---------+-------+---------+---------+-------

Illustrated notes

Table legend:
 A = Kills in this place as a percentage of kills in entire the game.
 B = Kills by you in this place as a percentage of kills by you in the entire game.
 C = Kills by friends in this place as a percentage of kills by friends in the entire game.
 D = Other kills in this place as a percentage of other kills in the entire game.
 E = Experience gained in this place as a percentage of experience gained in the entire game.
 F = Experience gained in this place divided by the number of levels of this place that you have seen.
                   A       B       C       D       E      F
               +-------+-------+-------+-------+-------+----------------------
         Total | 100.0 | 100.0 |   N/A |   N/A | 100.0 | 224.1
       Dungeon | 100.0 | 100.0 |   N/A |   N/A | 100.0 | 261.5
               +-------+-------+-------+-------+-------+----------------------

Table legend: (Time is in decaauts)
 A = Elapsed time spent in this place.
 B = Non-inter-level travel time spent in this place.
 C = Inter-level travel time spent in this place.
 D = Time resting spent in this place.
 E = Time spent auto-exploring this place.
 F = Levels seen in this place.
 G = Mean time per level.
                   A        B        C        D        E       F      G
               +--------+--------+--------+--------+--------+-----+--------+
         Total |   4958 |   4801 |    157 |    495 |   3477 |   7 |  708.3 |
       Dungeon |   4750 |   4627 |    123 |    495 |   3310 |   6 |  791.7 |
        Temple |    207 |    173 |     34 |      0 |    167 |   1 |  207.0 |
               +--------+--------+--------+--------+--------+-----+--------+

Top non-repeatable levels by time:
     D:2: 1368 daAuts
     D:4: 1117 daAuts
     D:3: 1046 daAuts
     D:5: 703 daAuts
     D:1: 491 daAuts
  Temple: 207 daAuts
     D:6: 22 daAuts
